General information
			
			
        
        - name: BNet
 
        - type: Ladder team game (AT/RT)
 
        - host: Battle.net
 
        - saver: leastwanted-
 
        
map: Friends 
        - players: 8
 
        - length: 12:27
 
        - speed: Fast
 - version: 1.22 W3XP
 - replay type:  Public
 
» download(90 KB)
Players
        team 1 (winner) 
              
              
» 
ColonialHeights (
purple | 70 APM | 865 actions | 12:26)
              
 3 Pandaren Brewmaster 
 2 Breath of Fire
 1 Drunken Haze
 
                » actions 
                
                | Assign group hotkey | 9 |  | 
| Basic commands | 42 |  | 
| Build / train | 31 |  | 
| Enter build submenu | 11 |  | 
| Enter hero's abilities submenu | 3 |  | 
| Remove unit from queue | 1 |  | 
| Right click | 452 |  | 
| Select / deselect | 191 |  | 
| Select group hotkey | 88 |  | 
| Use ability | 37 |  | 
                865 total
 » units 
                
                | Wisp | 10 |  | 
| Huntress | 7 |  | 
| Dryad | 1 |  | 
| Glaive Thrower | 1 |  | 
                19 total
 » upgrades
                
                | Druid of the Claw Training | 1 |  | 
| Vorpal Blades | 1 |  | 
                2 total
 » buildings
                
                | Altar of Elders | 1 |  | 
| Moon Well | 4 |  | 
| Hunter's Hall | 1 |  | 
| Ancient of War | 2 |  | 
| Ancient of Wonders | 1 |  | 
| Tree of Ages | 1 |  | 
| Ancient of Lore | 2 |  | 
| Tree of Eternity | 1 |  | 
                13 total
 » build order
                00:07 Altar of Elders
00:19 Moon Well
01:44 Hunter's Hall
01:48 Ancient of War
02:05 Ancient of War
02:28 Moon Well
03:14 Ancient of Wonders
03:43 Moon Well
04:56 Tree of Ages
05:36 Moon Well
07:21 Ancient of Lore
07:22 Ancient of Lore
09:39 Tree of Eternity
 
               
              
              
pokerpi (
green | 38 APM | 473 actions | 12:26)
              
 4 Pandaren Brewmaster 
 2 Breath of Fire
 2 Drunken Brawler
 
                » actions 
                
                | Assign group hotkey | 10 |  | 
| Build / train | 53 |  | 
| Enter build submenu | 13 |  | 
| Enter hero's abilities submenu | 4 |  | 
| Remove unit from queue | 4 |  | 
| Right click | 210 |  | 
| Select / deselect | 114 |  | 
| Select group hotkey | 28 |  | 
| Use ability | 37 |  | 
                473 total
 » units 
                » upgrades
                
                | Improved Bows | 1 |  | 
| Abolish Magic | 1 |  | 
| Ultravision | 1 |  | 
                3 total
 » buildings
                
                | Moon Well | 6 |  | 
| Altar of Elders | 1 |  | 
| Ancient of War | 1 |  | 
| Tree of Ages | 1 |  | 
| Hunter's Hall | 1 |  | 
| Ancient of Wonders | 1 |  | 
| Tree of Eternity | 1 |  | 
| Ancient of Lore | 2 |  | 
                14 total
 » build order
                00:20 Moon Well
00:34 Altar of Elders
00:51 Ancient of War
01:40 Moon Well
02:05 Moon Well
05:01 Moon Well
05:36 Moon Well
07:24 Moon Well
07:25 Tree of Ages
08:17 Hunter's Hall
09:15 Ancient of Wonders
09:55 Tree of Eternity
10:05 Ancient of Lore
10:07 Ancient of Lore
 
               
              
              
» 
leastwanted- (
pink | 86 APM | 1066 actions | 12:27)
              
 4 Pandaren Brewmaster 
 2 Breath of Fire
 2 Drunken Brawler
 
                » actions 
                
                | Assign group hotkey | 52 |  | 
| Basic commands | 18 |  | 
| Build / train | 47 |  | 
| ESC pressed | 3 |  | 
| Enter build submenu | 11 |  | 
| Enter hero's abilities submenu | 4 |  | 
| Right click | 448 |  | 
| Select / deselect | 250 |  | 
| Select group hotkey | 193 |  | 
| Use ability | 40 |  | 
                1066 total
 » units 
                
                | Wisp | 14 |  | 
| Archer | 17 |  | 
| Druid of the Talon | 4 |  | 
| Chimaera | 4 |  | 
                39 total
 » buildings
                
                | Altar of Elders | 1 |  | 
| Moon Well | 6 |  | 
| Ancient of War | 1 |  | 
| Tree of Ages | 1 |  | 
| Ancient of Wind | 1 |  | 
| Tree of Eternity | 1 |  | 
| Chimaera Roost | 2 |  | 
                13 total
 » build order
                00:19 Altar of Elders
00:25 Moon Well
01:01 Ancient of War
01:40 Moon Well
02:38 Moon Well
02:42 Moon Well
03:29 Tree of Ages
05:36 Moon Well
05:52 Ancient of Wind
05:54 Tree of Eternity
08:25 Chimaera Roost
08:28 Chimaera Roost
10:15 Moon Well
 
               
              
              
Slim_Teddy (
red | 41 APM | 506 actions | 12:26)
              
 2 Pandaren Brewmaster 
 1 Breath of Fire
 1 Drunken Brawler
 
                » actions 
                
                | Build / train | 27 |  | 
| Enter build submenu | 17 |  | 
| Enter hero's abilities submenu | 2 |  | 
| Right click | 317 |  | 
| Select / deselect | 113 |  | 
| Use ability | 30 |  | 
                506 total
 » units 
                
                | Acolyte | 3 |  | 
| Ghoul | 4 |  | 
| Obsidian Statue | 3 |  | 
                10 total
 » upgrades
                
                | Cannibalize | 1 |  | 
| Unholy Strength | 1 |  | 
| Unholy Armor | 1 |  | 
| Destroyer Form | 1 |  | 
| Creature Attack | 1 |  | 
| Creature Carapace | 1 |  | 
                6 total
 » buildings
                
                | Altar of Darkness | 2 |  | 
| Ziggurat | 7 |  | 
| Crypt | 1 |  | 
| Graveyard | 1 |  | 
| Nerubian Tower | 1 |  | 
| Tomb of Relics | 1 |  | 
| Halls of the Dead | 1 |  | 
| Slaughterhouse | 2 |  | 
| Sacrificial Pit | 1 |  | 
| Black Citadel | 1 |  | 
| Spirit Tower | 4 |  | 
                22 total
 » build order
                00:09 Altar of Darkness
00:16 Altar of Darkness
00:22 Ziggurat
00:50 Crypt
01:24 Graveyard
01:31 Nerubian Tower
01:32 Ziggurat
03:44 Tomb of Relics
04:41 Halls of the Dead
06:00 Ziggurat
07:07 Slaughterhouse
07:12 Slaughterhouse
07:25 Sacrificial Pit
07:36 Black Citadel
07:44 Ziggurat
07:48 Ziggurat
07:51 Spirit Tower
07:54 Spirit Tower
08:01 Ziggurat
08:24 Ziggurat
11:08 Spirit Tower
11:26 Spirit Tower
» items
                 
               team 2 (loser) 
              
              
» 
Slaughter)HousE (
orange | 54 APM | 662 actions | 12:21)
              
 3 Blademaster 
 2 Wind Walk
 1 Critical Strike
 2 Shadow Hunter 
 1 Hex
 1 Healing Wave
 
                » actions 
                
                | Build / train | 46 |  | 
| Enter build submenu | 12 |  | 
| Enter hero's abilities submenu | 5 |  | 
| Give item / drop item | 1 |  | 
| Remove unit from queue | 3 |  | 
| Right click | 344 |  | 
| Select / deselect | 192 |  | 
| Use ability | 59 |  | 
                662 total
 » units 
                
                | Peon | 7 |  | 
| Grunt | 10 |  | 
| Troll Witch Doctor | -1 |  | 
| Shaman | 1 |  | 
| Tauren | 1 |  | 
                18 total
 » upgrades
                
                | Witch Doctor Training | 2 |  | 
| Shaman Training | 2 |  | 
                4 total
 » buildings
                
                | Altar of Storms | 1 |  | 
| Orc Burrow | 4 |  | 
| Barracks | 1 |  | 
| Voodoo Lounge | 1 |  | 
| Stronghold | 2 |  | 
| War Mill | 1 |  | 
| Spirit Lodge | 2 |  | 
| Fortress | 3 |  | 
| Tauren Totem | 1 |  | 
                16 total
 » build order
                00:14 Altar of Storms
00:24 Orc Burrow
00:39 Barracks
01:36 Orc Burrow
02:15 Voodoo Lounge
03:10 Stronghold
03:10 Stronghold
03:51 War Mill
04:54 Orc Burrow
05:49 Spirit Lodge
07:02 Fortress
07:03 Fortress
07:03 Fortress
08:12 Spirit Lodge
10:06 Tauren Totem
10:09 Orc Burrow
» items
                
                | Healing Salve | 2 |  | 
| Potion of Healing | 1 |  | 
| Potion of Mana | 1 |  | 
| Scroll of Town Portal | 1 |  | 
                5 total
  
               
              
              
» 
YoPerdi (
teal | 34 APM | 418 actions | 12:25)
              
 2 Archmage 
 1 Summon Water Elemental
 1 Brilliance Aura
 
                » actions 
                
                | Assign group hotkey | 5 |  | 
| Basic commands | 23 |  | 
| Build / train | 47 |  | 
| Enter build submenu | 13 |  | 
| Enter hero's abilities submenu | 2 |  | 
| Right click | 105 |  | 
| Select / deselect | 161 |  | 
| Select group hotkey | 24 |  | 
| Use ability | 38 |  | 
                418 total
 » units 
                » buildings
                
                | Farm | 3 |  | 
| Altar of Kings | 1 |  | 
| Barracks | 1 |  | 
| Lumber Mill | 1 |  | 
| Scout Tower | 4 |  | 
| Arcane Tower | 2 |  | 
| Arcane Vault | 1 |  | 
| Guard Tower | 1 |  | 
                14 total
 » build order
                00:07 Farm
00:33 Altar of Kings
00:49 Barracks
01:01 Farm
01:09 Lumber Mill
01:48 Scout Tower
02:09 Farm
02:47 Arcane Tower
03:47 Arcane Vault
05:59 Scout Tower
07:03 Scout Tower
07:37 Arcane Tower
09:51 Scout Tower
10:58 Guard Tower
» items
                
                | Scroll of Town Portal | 1 |  | 
| Healing Salve | 1 |  | 
| Potion of Healing | 3 |  | 
| Lesser Clarity Potion | 1 |  | 
                6 total
  
               
              
              
koco_tuile (
blue | 55 APM | 677 actions | 12:16)
              
 2 Archmage 
 1 Blizzard
 1 Brilliance Aura
 
                » actions 
                
                | Build / train | 40 |  | 
| Enter build submenu | 19 |  | 
| Enter hero's abilities submenu | 2 |  | 
| Right click | 289 |  | 
| Select / deselect | 280 |  | 
| Use ability | 47 |  | 
                677 total
 » units 
                
                | Peasant | 14 |  | 
| Footman | 7 |  | 
| Rifleman | 5 |  | 
| Priest | 1 |  | 
                27 total
 » upgrades
                » buildings
                
                | Farm | 5 |  | 
| Altar of Kings | 1 |  | 
| Barracks | 1 |  | 
| Lumber Mill | 1 |  | 
| Blacksmith | 1 |  | 
| Keep | 1 |  | 
| Arcane Vault | 1 |  | 
| Arcane Sanctum | 1 |  | 
| Scout Tower | 5 |  | 
| Guard Tower | 2 |  | 
                19 total
 » build order
                00:05 Farm
00:08 Altar of Kings
00:30 Barracks
00:51 Farm
01:37 Lumber Mill
01:43 Farm
02:21 Blacksmith
03:37 Farm
04:04 Keep
05:05 Farm
05:46 Arcane Vault
07:18 Arcane Sanctum
08:34 Scout Tower
08:36 Scout Tower
08:37 Scout Tower
08:43 Scout Tower
08:49 Scout Tower
10:03 Guard Tower
10:23 Guard Tower
» items
                
                | Potion of Healing | 2 |  | 
| Potion of Mana | 1 |  | 
| Lesser Clarity Potion | 1 |  | 
| Scroll of Regeneration | 1 |  | 
                5 total
  
               
              
              
Cyber-GoldFish (
yellow | 46 APM | 574 actions | 12:23)
              
 2 Paladin 
 1 Holy Light
 1 Divine Shield
 
                » actions 
                
                | Assign group hotkey | 12 |  | 
| Build / train | 37 |  | 
| Enter build submenu | 17 |  | 
| Enter hero's abilities submenu | 3 |  | 
| Remove unit from queue | 1 |  | 
| Right click | 271 |  | 
| Select / deselect | 139 |  | 
| Select group hotkey | 62 |  | 
| Use ability | 32 |  | 
                574 total
 » units 
                » upgrades
                » buildings
                
                | Altar of Kings | 1 |  | 
| Farm | 8 |  | 
| Barracks | 2 |  | 
| Lumber Mill | 3 |  | 
| Keep | 1 |  | 
| Castle | 1 |  | 
| Blacksmith | 1 |  | 
                17 total
 » build order
                00:10 Altar of Kings
00:24 Farm
01:12 Barracks
01:21 Farm
01:53 Farm
02:23 Lumber Mill
02:37 Lumber Mill
02:51 Lumber Mill
05:20 Farm
05:22 Keep
08:18 Castle
08:24 Barracks
09:49 Blacksmith
10:58 Farm
11:02 Farm
12:04 Farm
12:10 Farm
» items
                
                | Healing Salve | 2 |  | 
| Scroll of Speed | 2 |  | 
| Lesser Clarity Potion | 2 |  | 
| Scroll of Regeneration | 1 |  | 
| Orb of Lightning | 1 |  | 
| Potion of Healing | 1 |  | 
| Scroll of Town Portal | 1 |  | 
                10 total
  
                Chat log
          (00:02 / All) leastwanted-: BITCH
(00:13 / All) Cyber-GoldFish: hey
(00:29 / Allies) Slim_Teddy: plan
(00:35 / Allies) leastwanted-: lets all get p[anda
(00:36 / Allies) pokerpi: build n hit
(00:38 / Allies) ColonialHeights: hunt rush
(00:39 / Allies) leastwanted-: and ruin a base with breath of fire
(00:42 / Allies) leastwanted-: what say you?
(00:45 / Allies) Slim_Teddy: rofl
(00:47 / Allies) ColonialHeights: im down
(00:50 / Allies) leastwanted-: k all panda and bof
(00:56 / Allies) leastwanted-: only use breath on groups of units not a single unit
(00:58 / Allies) ColonialHeights: i'll send wisp
(01:02 / Allies) ColonialHeights: and we rush here
(01:04 / Allies) leastwanted-: meanwhile make tier 1 at ur base
(01:05 / Allies) ColonialHeights: k?
(01:18 / Allies) pokerpi: k
(02:22 / Allies) leastwanted-: its ready now
(02:26 / Allies) leastwanted-: come on hurry
(02:31 / Allies) leastwanted-: k gogogo get gold miners
(02:40 / Allies) ColonialHeights: go niggas
(03:20 / Allies) leastwanted-: k heal up and we go agauin
(03:36 / Allies) ColonialHeights: someone
(04:08 / Allies) ColonialHeights: otw
(04:55 / Allies) leastwanted-: REPAIR
(05:16 / Allies) ColonialHeights: lol
(05:17 / All) Slaughter)HousE: clowntres spuleld off in an rt
(05:19 / All) Slaughter)HousE: impressive
(05:29 / All) leastwanted-: what
(05:40 / All) Slaughter)HousE: 4 panda
(05:58 / Allies) ColonialHeights: open
(06:04 / Allies) leastwanted-: we hitting
(06:06 / Allies) leastwanted-: hit top if they tp
(06:52 / Allies) leastwanted-: HIT TOP
(07:07 / Allies) ColonialHeights: raped
(08:37 / Allies) leastwanted-: keep teching and making armies all
(08:38 / Allies) pokerpi: cant believe its working
(09:40 / Allies) leastwanted-: ud make statues
(09:44 / Allies) leastwanted-: so u can get destroyers
(09:47 / Allies) leastwanted-: or something
(09:47 / Allies) Slim_Teddy: ok
(09:48 / Allies) leastwanted-: spend
(09:49 / Allies) ColonialHeights: finish teal
(09:50 / Allies) ColonialHeights: next
(09:58 / Allies) Slim_Teddy: fuck
(09:58 / Allies) ColonialHeights: go for heal
(10:00 / Allies) ColonialHeights: if you need
(10:10 / Allies) ColonialHeights: let's finish
(10:10 / Allies) leastwanted-: anyone gold me for chims?
(10:26 / Allies) leastwanted-: ty
(10:48 / Allies) leastwanted-: lol that one hu had it rough
(11:41 / Allies) ColonialHeights: towers
(12:14 / All) Slaughter)HousE: gfg
(12:15 / All) leastwanted-: gg
(12:16 / All) ColonialHeights: gg
(12:17 / All) Slaughter)HousE: noobest allies ever
(12:23 / All) leastwanted-: aww comon it was a good offense